 Dungeon Crawl Stone Soup version 0.29.1-1-gd02db6906a (webtiles) character file.

Game seed: 7211617653476636286

94950 xian the Corrupter of Planes (level 15, -3/117 HPs)
             Began as a Demonspawn Abyssal Knight on Sept 28, 2022.
             Was the Champion of Lugonu.
             Killed by divine providence
             ... invoked by an orc priest
             ... led by an orc warlord
              (16 damage)
             ... on level 1 of the Orcish Mines.
             The game lasted 01:31:44 (29774 turns).

xian the Corrupter of Planes (DsAK)                Turns: 29774, Time: 01:31:44

Health: -3/117     AC: 32    Str: 20    XL:     15   Next: 65%
Magic:  23/23      EV: 10    Int: 13    God:    Lugonu [******]
Gold:   350        SH:  9    Dex: 20    Spells: 14/14 levels left

rFire   . . .      SeeInvis +   f - +8 arc blade {discharge, rElec}
rCold   + . .      Faith    .   X - orb {*Rage}
rNeg    + . .      Spirit   .   L - +2 crystal plate armour {rC+}
rPois   +          Reflect  +   F - +0 helmet
rElec   +          Harm     .   (cloak unavailable)
rCorr   .          Rampage  .   w - +2 pair of gloves
Will    +....      Rage     20% v - +0 pair of boots
Stlth   ..........              G - amulet of reflection
HPRegen 0.29/turn               S - ring "Byprink" {rN+ Dex+7 SInv Stlth+}
MPRegen 0.18/turn               a - ring "Cippet" {EV+4 Stlth+}

@: on berserk cooldown, slowed, studying Throwing, very slow
A: thin metallic scales 2, foul stench 2, condensation shield, weakness stinger
3, low MP 1, poison resistance, wild magic 1
a: Renounce Religion, Depart the Abyss, Bend Space, Banish, Corrupt, Enter the
Abyss, Brand Weapon With Distortion


You were on level 1 of the Orcish Mines.
You worshipped Lugonu.
Lugonu was exalted by your worship.
You visited 3 branches of the dungeon, and saw 21 of its levels.
You visited the Abyss 1 time.
You also visited: Ice Cave.

You collected 2608 gold pieces.
You spent 2258 gold pieces at shops.

Inventory:

Hand Weapons
 f - the +8 arc blade (weapon) {discharge, rElec}
   (You acquired it on level 5 of the Lair of Beasts)

   It occasionally unleashes powerful arcs of lightning upon striking a foe.
   These may arc to other adjacent creatures (including the wielder, but dealing
   reduced damage to them) before grounding out.
   rElec:     It insulates you from electricity.
Missiles
 j - 21 boomerangs
 k - 110 poisoned darts (quivered)
 r - 10 javelins
 y - 6 atropa-tipped darts
 R - 3 curare-tipped darts
Armour
 v - a +0 pair of boots (worn)
 w - a +2 pair of gloves (worn)
 x - a +1 robe of the Archmagi
 F - a +0 helmet (worn)
 L - a +2 crystal plate armour of cold resistance (worn)
 M - a +2 cloak of preservation
 X - an orb of wrath (worn)
 Z - a +1 kite shield of protection
Jewellery
 a - the ring "Cippet" (right hand) {EV+4 Stlth+}
   (You bought it in a shop on level 12 of the Dungeon)

   [ring of evasion]

   EV:        It affects your evasion (+4).
   Stlth:     It makes you more stealthy.
 C - the ring "Viqitol" {+Blink rC+}
   (You bought it in a shop on level 11 of the Dungeon)

   [ring of protection from cold]

   rC:        It protects you from cold.
   +Blink:    It lets you blink.
 G - an amulet of reflection (around neck)
 N - a ring of flight
 S - the ring "Byprink" (left hand) {rN+ Dex+7 SInv Stlth+}
   (You bought it in a shop on level 12 of the Dungeon)

   [ring of see invisible]

   Dex:       It affects your dexterity (+7).
   rN:        It protects you from negative energy.
   SInv:      It lets you see invisible.
   Stlth:     It makes you more stealthy.
Wands
 e - a wand of mindburst (10)
 o - a wand of charming (9)
 u - a wand of acid (15)
 B - a wand of digging (5)
 O - a wand of iceblast (15)
 Q - a wand of flame (52)
 Y - a wand of polymorph (18)
Scrolls
 c - 6 scrolls of poison
 l - 2 scrolls of teleportation
 p - 5 scrolls of fear
 q - 2 scrolls of magic mapping
 t - a scroll of summoning
 H - 2 scrolls of enchant weapon
 P - a scroll of enchant armour
 T - 2 scrolls of immolation
 U - 3 scrolls of brand weapon
Potions
 d - a potion of mutation
 h - 8 potions of haste
 m - 3 potions of might
 n - 7 potions of flight
 z - 3 potions of magic
 A - 6 potions of curing
 D - 4 potions of lignification
 E - a potion of resistance
 I - 4 potions of invisibility
 J - 3 potions of ambrosia
 V - 3 potions of cancellation
Miscellaneous
 s - a piece from Xom's chessboard (15/15)
 W - a phantom mirror


   Skills:
 + Level 10.4 Fighting
 - Level 14.0 Short Blades
 - Level 2.8 Axes
 * Level 9.7 Throwing
 + Level 11.4 Armour
 + Level 5.5 Dodging
 + Level 2.6 Stealth
 + Level 7.8 Shields
 + Level 0.6 Unarmed Combat
 * Level 15.2 Invocations


You had 14 spell levels left.
You didn't know any spells.
Your spell library contained the following spells:

 Spells                   Type           Power      Damage    Failure   Level
 Apportation              Tloc           0%         N/A       100%        1
 Beastly Appendage        Tmut           0%         N/A       100%        1
 Necrotise                Necr           0%         1d4       100%        1
 Summon Small Mammal      Summ           0%         N/A       100%        1
 Static Discharge         Conj/Air       0%         3-3/arc   100%        2
 Sublimation of Blood     Necr           0%         N/A       100%        2
 Wereblood                Tmut           0%         N/A       100%        2
 Dazzling Flash           Conj/Hex       0%         N/A       100%        3
 Spider Form              Tmut/Pois      0%         N/A       100%        3
 Stone Arrow              Conj/Erth      0%         3d7       100%        3
 Anguish                  Hex/Necr       0%         N/A       100%        4
 Animate Armour           Summ/Erth      0%         N/A       100%        4
 Corpse Rot               Necr/Pois/Air  0%         N/A       100%        4
 Dispel Undead            Necr           0%         3d6       100%        4
 Iskenderun's Mystic Bla  Conj/Tloc      0%         2d3       100%        4
 Sticky Flame             Conj/Fire      0%         2d3       100%        4
 Death Channel            Necr           0%         N/A       100%        6
 Starburst                Conj/Fire      0%         6d3       100%        6
 Enfeeble                 Hex            0%         N/A       100%        7
 Summon Hydra             Summ           0%         N/A       100%        7
 Borgnjor's Revivificati  Necr           0%         N/A       100%        8
 Lehudib's Crystal Spear  Conj/Erth      0%         10d2      100%        8
 Necromutation            Tmut/Necr      0%         N/A       100%        8
 Death's Door             Necr           0%         N/A       100%        9


Dungeon Overview and Level Annotations

Branches:
Dungeon (15/15)            Temple (0/1) D:6            Lair (5/5) D:10
  Swamp (0/4) Lair:3        Snake (0/4) Lair:2        Slime (0/5) Lair:4
    Orc (1/2) D:11         Vaults (0/5) D:14         Depths (0/4) D:15
  IceCv (visited)

Altars:
Fedhas
Gozag
Hepliaklqana
Kikubaaqudgha
Makhleb
Nemelex Xobeh
Okawaru
Qazlal
Ru
Sif Muna
Vehumet
Yredelemnul
Jiyva

Shops:
D:6 *   D:7 (   D:11 =   D:12 =   D:15 !

Annotations:
D:3 1 runed translucent door, Crazy Yiuf
Orc:1 1 transporter, groovy9's ghost, journeyman FoHu
Abyss:1 Joseph, Natasha


Innate Abilities, Weirdness & Mutations

You are mostly covered in thin metallic scales. (AC +3)
You sometimes emit foul miasma when damaged in melee.
A meltable shield of frost defends you. (SH +4)
You have a sharp stinger which inflicts weakening toxins.
Your magical capacity is low. (-10% MP)
Your system is resistant to poisons. (rPois)
Your spells are a little harder to cast, but a little more powerful.


Message History

Lugonu accepts your kill.
Your surroundings suddenly seem different. 2 orc priests, 2 orcs and an orc warrior come into view.
Found 57 gold pieces.
Found a stone staircase leading down.
The orc shouts!
The orc priest shouts! x2; The orc shouts!
The orc warrior shouts!
You hear a shout! x2
An orc sorcerer comes into view. It is wielding a +0 dagger. x2
An orc warlord comes into view.
It is wielding a +0 great mace and wearing a +3 plate armour of poison resistance.
The orc warlord shouts!
An orc wizard comes into view. It is wielding a +2 dagger of venom.
The orc warlord roars a battlecry!
The orcs go into a battle-frenzy!
The orc priest calls down the wrath of Beogh upon you.
Pain shoots through your body!
* * * LOW HITPOINT WARNING * * *
The orc sorcerer shouts!
You hear a shout! x2; The orc sorcerer shouts!
You feel much better.
The orc wizard shouts!
You hear a shout!
The orc priest invokes the aid of Beogh against you.
Beogh smites you!
* * * LOW HITPOINT WARNING * * *
An orc wizard comes into view. It is wielding a +0 dagger of draining.
The orc sorcerer gestures at you while chanting.
You resist with some effort. The orc warrior barely misses you.
The orc priest looks satisfied for a moment.
An orc priest comes into view. It is wielding a +0 short sword.
The orc wizard casts a spell.
The orc wizard flickers and vanishes for a moment.
The orc warlord unwields a +0 great mace.
The orc warlord wields a +0 arbalest.
The orc warlord shoots a bolt.
The bolt hits you but does no damage.
The orc sorcerer casts a spell.
The orc warlord shoots a bolt.
The bolt hits you but does no damage.
The orc priest mumbles some strange prayers to Beogh against you.
Beogh smites you!
* * * LOW HITPOINT WARNING * * *
The orc warrior misses you.
The orc priest calls down the wrath of Beogh upon you.
Beogh smites you!
You die...

...##.......#..##.
#.#.#.............
#....#.#..........
......#....#......
#...........#.....
###
#................
... .
##............. .#
..
##.#............ #
.#
#...@ooo.oo.....
#..#
##.$....oo......
.##..
###.......o....
....©
........#.....
O##..
$.......#.o>...
#..#
##.......oo..... #
.# #...$#.........
.# #.....#.... .$.


You could see an orc warlord, 2 orc sorcerers, an orc warrior (strong), 3 orc
priests, 2 orc wizards and 2 orcs.

Vanquished Creatures
  Kirke (D:14)
  A frost giant (IceCv)
  A fire giant (D:15)
  An orc warlord (Orc:1)
  Louise (D:15)
  An ironbound preserver (D:14)
  A dire elephant (Lair:5)
  Snorg (Lair:2)
  The ghost of turdburglar the Black Belt, a journeyman DsGl of Dithmenos (Lair:2)
  2 fire dragons
  8 hydras
  4 boulder beetles
  An ice dragon (D:11)
  A merfolk avatar (Lair:5)
  4 two-headed ogres
  8 centaur warriors
  6 death yaks (IceCv)
  Nergalle (D:12)
  Urug (D:12)
  A skeletal warrior (D:8)
  2 sea snakes (Lair:5)
  4 bog bodies (Lair:3)
  A swamp dragon (shapeshifter) (D:11)
  A wizard (D:15)
  A deep elf pyromancer (D:14)
  A harpy (Lair:5)
  A deep elf zephyrmancer (D:14)
  7 ugly things
  An orc knight (D:15)
  An orc sorcerer (Orc:1)
  7 cyclopes
  3 manticores
  27 elephants
  4 black mambas
  A guardian serpent (shapeshifter) (D:15)
  An ice statue (IceCv)
  2 gargoyles
  9 cane toads
  3 unseen horrors
  5 rime drakes
  2 kobold demonologists
  5 komodo dragons
  2 freezing wraiths
  A meliai (D:11)
  A troll (shapeshifter) (D:14)
  17 polar bears
  A queen bee (D:11)
  3 trolls
  Prince Ribbit (D:5)
  2 wind drakes (Lair:5)
  A tarantella (shapeshifter) (D:15)
  A snapping turtle (Lair:5)
  6 blink frogs
  11 slime creatures
  Sigmund (D:4)
  3 centaur simulacra (D:12)
  A shadow (D:13)
  45 yaks
  2 vampires
  Eustachio (D:4)
  8 wraiths
  5 wyverns
  5 basilisks (Lair:5)
  3 hogs
  A human (shapeshifter) (D:13)
  6 steam dragons
  11 vampire mosquitoes
  2 wargs
  2 nagas (Lair:2)
  9 water moccasins
  2 acid dragons
  4 black bears
  5 orc warriors
  2 ice beasts
  33 wolves
  A boggart (D:14)
  4 ogres
  12 centaurs
  3 phantoms
  16 kobold brigands
  17 bullfrogs
  A gnoll sergeant (D:5)
  A necrophage (D:5)
  3 scorpions
  29 killer bees
  2 howler monkeys
  2 electric eels
  2 jellies
  10 orc priests
  A hound (D:7)
  2 iguanas
  22 orc wizards
  8 adders
  12 gnolls
  2 shadow imps
  3 white imps
  An ufetubus (D:5)
  2 worms
  3 dart slugs
  73 orcs
  8 bats
  5 endoplasms
  3 giant cockroaches
  8 hobgoblins
  3 jackals (D:2)
  24 kobolds
  2 quokkas
  8 ball pythons
  5 frilled lizards
  12 goblins
  9 rats
652 creatures vanquished.

Vanquished Creatures (others)
  An elephant (Lair:5)
  A human (D:14)
  An orc wizard (D:11)
  A kobold (D:10)
  38 fungi
  66 plants
108 creatures vanquished.

Grand Total: 760 creatures vanquished

Notes
Turn   | Place    | Note
-------+----------+-------------------------------------------
     0 | Abyss:1  | xian the Demonspawn Abyssal Knight began the quest for the
                  | Orb.
     0 | Abyss:1  | Reached XP level 1. HP: 18/18 MP: 2/2
     1 | D:1      | Escaped the Abyss
   268 | D:1      | Reached skill level 1 in Dodging
   268 | D:1      | Gained mutation: You may rarely emit foul miasma when
                  | damaged in melee. [demonic ancestry]
   268 | D:1      | Reached XP level 2. HP: 15/24 MP: 3/3
   651 | D:1      | Reached *** piety under Lugonu
  1539 | D:2      | Reached XP level 3. HP: 29/29 MP: 5/5
  1560 | D:2      | Noticed Natasha
  1569 | D:2      | Banished Natasha
  1573 | D:2      | HP: 1/29 [bat (1)]
  1578 | D:2      | HP: 1/29 [bat (1)]
  1953 | D:2      | Reached skill level 3 in Invocations
  2264 | D:2      | Gained mutation: You have a small tail. [demonic ancestry]
  2264 | D:2      | Reached XP level 4. HP: 23/36 MP: 6/6
  2469 | D:2      | Found a faded altar of an unknown god.
  3079 | D:3      | Found an opulent altar of Gozag.
  3297 | D:3      | Found a runed translucent door.
  3298 | D:3      | Noticed Crazy Yiuf
  3331 | D:3      | Reached XP level 5. HP: 39/41 MP: 7/7
  3781 | D:3      | Found a faded altar of an unknown god.
  3785 | D:3      | Found a sparkling altar of Nemelex Xobeh.
  4053 | D:4      | Identified the +7 short sword of Doiniumu {vamp, *Rage rF+
                  | rC+ Int+8}
  4088 | D:4      | Noticed a phantom
  4095 | D:4      | Killed a phantom
  4096 | D:4      | Reached skill level 4 in Invocations
  4160 | D:4      | Reached **** piety under Lugonu
  4162 | D:4      | Noticed Sigmund
  4169 | D:4      | Killed Sigmund
  4170 | D:4      | Reached skill level 1 in Short Blades
  4170 | D:4      | Reached XP level 6. HP: 42/48 MP: 9/9
  4208 | D:4      | Noticed Eustachio
  4317 | D:4      | Killed Eustachio
  4318 | D:4      | Reached skill level 5 in Invocations
  4318 | D:4      | Gained mutation: You have a tail ending in a sharp stinger.
                  | [demonic ancestry]
  4318 | D:4      | Reached XP level 7. HP: 54/54 MP: 10/10
  5076 | D:5      | Entered Level 5 of the Dungeon
  5302 | D:5      | Noticed Prince Ribbit
  5326 | D:5      | Killed Prince Ribbit
  5327 | D:5      | Reached skill level 1 in Stealth
  5327 | D:5      | Reached skill level 6 in Invocations
  5327 | D:5      | Gained mutation: You have a sharp stinger which inflicts
                  | weakening toxins. [demonic ancestry]
  5327 | D:5      | Reached XP level 8. HP: 22/61 MP: 12/12
  5428 | D:5      | Found a sacrificial altar of Ru.
  5611 | D:5      | Found a blossoming altar of Fedhas.
  6003 | D:5      | Reached skill level 5 in Short Blades
  6281 | D:5      | Found a burning altar of Makhleb.
  6282 | D:5      | Found an ancient bone altar of Kikubaaqudgha.
  6431 | D:6      | Reached skill level 5 in Armour
  6436 | D:6      | Reached skill level 5 in Fighting
  6545 | D:6      | Gained mutation: You are partially covered in thin metallic
                  | scales. (AC +2) [demonic ancestry]
  6545 | D:6      | Reached XP level 9. HP: 68/68 MP: 14/14
  6605 | D:6      | Reached skill level 7 in Invocations
  6793 | D:6      | Reached ***** piety under Lugonu
  7047 | D:6      | Found Ilefih's Assorted Antiques.
  7079 | D:6      | Found a staircase to the Ecumenical Temple.
  7837 | D:7      | Found Toyca's Antique Weapon Shoppe.
  7909 | D:7      | Reached skill level 1 in Throwing
  8844 | D:6      | Bought a bubbling purple potion for 19 gold pieces
  8844 | D:6      | Bought a blackened ivory ring for 110 gold pieces
  8844 | D:6      | Bought a scroll labelled QAURON ESASEW for 22 gold pieces
  8844 | D:6      | Bought a scroll labelled DALEKY FESUVO for 22 gold pieces
  8844 | D:6      | Bought a scroll labelled WUEQUS GARE for 22 gold pieces
  8844 | D:6      | Bought a scroll labelled QAURON ESASEW for 22 gold pieces
  8844 | D:6      | Bought a scroll labelled QAURON ESASEW for 22 gold pieces
  8844 | D:6      | Bought a scroll labelled QAURON ESASEW for 22 gold pieces
  8977 | D:8      | Reached skill level 8 in Invocations
  9020 | D:8      | Noticed a troll
  9034 | D:8      | Killed a troll
  9159 | D:8      | Identified the +1 leather armour of Geokh {Dex+3}
  9177 | D:8      | Noticed a skeletal warrior
  9190 | D:8      | Killed a skeletal warrior
  9191 | D:8      | Reached XP level 10. HP: 43/74 MP: 16/16
  9601 | D:8      | Found a hazy altar of Hepliaklqana.
  9809 | D:8      | Found a shimmering blue altar of Sif Muna.
 10236 | D:9      | Noticed a two-headed ogre
 10251 | D:8      | Reached skill level 1 in Shields
 10365 | D:9      | Found a basalt altar of Yredelemnul.
 10429 | D:9      | Killed a two-headed ogre
 10757 | D:9      | Noticed Joseph
 11183 | D:9      | Reached skill level 9 in Invocations
 11464 | D:9      | Found a radiant altar of Vehumet.
 11626 | D:9      | Banished Joseph
 11716 | D:10     | Entered Level 10 of the Dungeon
 11949 | D:10     | Found a staircase to the Lair.
 12576 | Lair:1   | Entered Level 1 of the Lair of Beasts
 12616 | Lair:1   | Reached XP level 11. HP: 71/81 MP: 18/18
 13087 | Lair:1   | Noticed a seven-headed hydra
 13103 | Lair:1   | Killed a seven-headed hydra
 13450 | Lair:1   | Reached skill level 10 in Invocations
 14219 | Lair:2   | Noticed turdburglar's ghost (journeyman DsGl)
 14349 | Lair:2   | Found a runed translucent door.
 14367 | Lair:2   | Reached skill level 10 in Short Blades
 14450 | Lair:2   | Killed turdburglar's ghost
 14653 | Lair:2   | Found a staircase to the Snake Pit.
 15048 | Lair:2   | Reached skill level 5 in Throwing
 15115 | Lair:2   | Identified the +11 whip of Kohetsuw {vorpal, Dex+5}
 15457 | Lair:3   | Noticed Snorg
 15493 | Lair:2   | Killed Snorg
 15494 | Lair:2   | Reached XP level 12. HP: 32/89 MP: 19/19
 15930 | Lair:3   | Gained mutation: Your magical capacity is low. (-10% MP)
                  | [potion of mutation]
 15930 | Lair:3   | Gained mutation: Your system is resistant to poisons.
                  | (rPois) [potion of mutation]
 15930 | Lair:3   | Gained mutation: Your spells are a little harder to cast,
                  | but a little more powerful. [potion of mutation]
 16463 | Lair:3   | Found a staircase to the Swamp.
 16723 | Lair:4   | Reached skill level 11 in Invocations
 17462 | Lair:4   | Noticed a four-headed hydra
 17489 | Lair:4   | Killed a four-headed hydra
 18013 | Lair:4   | Found a staircase to the Slime Pits.
 18017 | Lair:4   | Found a viscous altar of Jiyva.
 18204 | Lair:4   | Noticed a fire dragon
 18233 | Lair:4   | Killed a fire dragon
 18234 | Lair:4   | Gained mutation: A meltable shield of frost defends you.
                  | (SH +4) [demonic ancestry]
 18234 | Lair:4   | Reached XP level 13. HP: 98/98 MP: 19/19
 18728 | Lair:5   | Entered Level 5 of the Lair of Beasts
 18854 | Lair:5   | Noticed a dire elephant
 18881 | Lair:4   | Reached skill level 12 in Invocations
 19148 | Lair:5   | Killed a dire elephant
 19730 | Lair:5   | Reached ****** piety under Lugonu
 20184 | Lair:5   | Reached skill level 5 in Dodging
 20447 | Lair:5   | Found an iron altar of Okawaru.
 20633 | Lair:5   | Identified a scroll of acquirement
 20644 | Lair:5   | Acquired the +8 arc blade {discharge, rElec}
 20644 | Lair:5   | Found the +8 arc blade {discharge, rElec}
 20709 | Lair:5   | Acquired 731 gold pieces
 20833 | Lair:5   | Reached skill level 5 in Shields
 21011 | Lair:5   | Found the +8 Vampire's Tooth {vamp}
 21025 | Lair:5   | Identified the +2 long sword "Ecemav" {vorpal, Str+4}
 21527 | D:6      | Bought a bone wand for 88 gold pieces
 21617 | D:11     | Found Qorireud's Jewellery Shoppe.
 21635 | D:11     | Bought the ring "Viqitol" {+Blink rC+} for 507 gold pieces
 21751 | D:11     | Found a staircase to the Orcish Mines.
 21967 | D:11     | Found a frozen archway.
 21988 | D:11     | Reached skill level 13 in Invocations
 22001 | D:11     | Reached skill level 10 in Armour
 22004 | IceCv    | Entered an ice cave
 22292 | IceCv    | Gained mutation: You sometimes emit foul miasma when
                  | damaged in melee. [demonic ancestry]
 22292 | IceCv    | Reached XP level 14. HP: 106/106 MP: 21/21
 22874 | IceCv    | Noticed a frost giant
 22894 | IceCv    | Killed a frost giant
 23112 | IceCv    | Identified the +4 short sword of Big Damage {vorpal, rN+}
 24821 | D:12     | Identified the +0 scale mail "Ixker" {Slay+2}
 24833 | D:12     | Found Hedujuuke's One-of-a-Kind Rings.
 24848 | D:12     | Bought the ring "Byprink" {rN+ Dex+7 SInv Stlth+} for 655
                  | gold pieces
 24852 | D:12     | Bought the ring "Cippet" {EV+4 Stlth+} for 687 gold pieces
 24914 | D:12     | Noticed Nergalle
 24916 | D:12     | Killed Nergalle
 24954 | D:12     | Reached skill level 14 in Invocations
 25205 | D:12     | Noticed Urug
 25212 | D:12     | Killed Urug
 25861 | D:13     | Gained mutation: You are mostly covered in thin metallic
                  | scales. (AC +3) [demonic ancestry]
 25861 | D:13     | Reached XP level 15. HP: 115/115 MP: 23/23
 26134 | D:13     | Found a stormy altar of Qazlal.
 26249 | D:13     | Acquired a manual of Throwing
 26802 | D:14     | You fall into a shaft and drop 1 floor!
 26802 | D:15     | Entered Level 15 of the Dungeon
 26944 | D:14     | Noticed Kirke
 27051 | D:14     | Killed Kirke
 27596 | D:14     | Found a gate to the Vaults.
 27616 | D:14     | Reached skill level 10 in Fighting
 28369 | D:15     | Found a staircase to the Depths.
 28370 | D:15     | Noticed a fire giant
 28710 | D:15     | Killed a fire giant
 29044 | D:15     | Found Sulat's Distillery.
 29048 | D:15     | Bought a potion of might for 60 gold pieces
 29080 | D:15     | Reached skill level 15 in Invocations
 29295 | D:15     | Noticed Louise
 29308 | D:15     | Killed Louise
 29639 | Orc:1    | Entered Level 1 of the Orcish Mines
 29733 | Orc:1    | Noticed an orc warlord
 29756 | Orc:1    | Found a transporter.
 29759 | Orc:1    | Noticed groovy9's ghost (journeyman FoHu)
 29760 | Orc:1    | Identified the +2 great mace "Toonk" {protect, +Blink rN++
                  | Str+4 Dex-4}
 29767 | Orc:1    | Killed an orc warlord
 29769 | Orc:1    | Noticed an orc warlord
 29774 | Orc:1    | Killed from afar by an orc priest

Illustrated notes

Levels and vault maps discovered:
D:1:      dpeg_arrival_shelter, layout_basic, hex_large
D:2:      layout_loops_ring, basic_ecumenical_altar, uniq_natasha
D:3:      layout_basic, grunt_gozag_statues, nicolae_overflow_ecumenical_swirl,
          minmay_checkerbox, uniq_crazy_yiuf_cottage
D:4:      layout_loops_ring, hangedman_decor_growths, uniq_eustachio,
          uniq_sigmund
D:5:      layout_loops_corners, gammafunk_temple_overflow_pools,
          lemuel_round_altar, hangedman_ru_absence, hellmonk_bongcloud_opening,
          minmay_fractal_squares_gapless_5, uniq_prince_ribbit1
D:6:      layout_basic, zin_statuary, minmay_temple_entry_mini_moons,
          serial_shops, nicolae_take_the_stairs
D:7:      layout_layer_cave, serial_shops, shop
D:8:      layout_loops_ring, mainiacjoe_overflow_cross_hatched,
          lemuel_tele_altar, nrook_mini_backslash, wad_mini_maze
D:9:      layout_loops_ring, kennysheep_ying_yang, kennysheep_mini,
          minivault_22, uniq_joseph
D:10:     layout_long_grid, dpeg_oklobed_lair
D:11:     regret_index_wax_grids, layout_basic, hiddenorc2_lemuel, special_room
          [special_room_kobold], serial_glass, glass_columns_a, glass_columns_c,
          feat_on_display, minmay_strange_pillars, item_on_display_a,
          minmay_strange_pillars, portal_ice_cave_entry_animals_and_master,
          serial_shops, nicolae_stop_n_shop_1
D:12:     layout_rooms, serial_ice, serial_ice_l, serial_ice_d, serial_ice_e,
          serial_ice_o, minivault_5, nicolae_shop_unique_rings, uniq_nergalle,
          uniq_urug
D:13:     layout_loops_corners, serial_glass, glass_columns_b, glass_columns_a,
          due_unseen_surprise, feat_on_display, minmay_strange_pillars,
          nicolae_qazlal_eye_of_the_storm
D:14:     layout_rooms, skrybe_vaults_entry_preservation, dk_noncrumbling_3,
          billiards_dpeg, uniq_kirke
D:15:     grunt_enter_depths_giant_problem, layout_basic, corexii_corridor_pit,
          serial_shops, nicolae_shop_stone, uniq_louise
Lair:1:   layout_chaotic_city, lemuel_fruit_fields, serial_bayou_shore_b
Lair:2:   layout_regular_city, guppyfry_snake_entry_garden,
          hellmonk_ghost_happy_afterlife, st_stairs_10, serial_bayou_crossing
Lair:3:   layout_misc_corridors, nicolae_swamp_entry_splash_gauntlet,
          chequers_serial_rivers_small_a, uniq_snorg
Lair:4:   dragon1_lemuel, layout_misc_corridors, minmay_slime_entry_pillars,
          grunt_megastairs_5
Lair:5:   gammafunk_lair_ancient_temple, layout_concentric_octagons,
          basic_altar, kennysheep_basilisk_garden
Orc:1:    layout_caves, gammafunk_ghost_smash

Skill      XL: |  1  2  3  4  5  6  7  8  9 10 11 12 13 14 15 |
---------------+----------------------------------------------+-----
Axes           | 2 |  2.8
Dodging        | 1 2 3 4 5 |  5.5
Armour         | 2 3 4 5 6 7 8 9 10 11 | 11.4
Invocations    | 3 4 5 6 8 9 10 11 13 14 15 | 15.2
Fighting       | 4 5 6 7 8 9 10 | 10.4
Short Blades   | 1 2 4 5 7 9 10 12 14 | 14.0
Stealth        | 1 2 |  2.6
Throwing       | 2 4 5 6 7 8 9 |  9.7
Shields        | 1 3 5 6 7 |  7.8
Unarmed Combat | |  0.6

Action                   |  1- 3 |  4- 6 |  7- 9 | 10-12 | 13-15 || total
-------------------------+-------+-------+-------+-------+-------++-------
Melee: Hand axe          |   122 |    98 |       |       |       ||   220
       Tailslap          |       |    12 |    51 |   172 |   211 ||   446
       Punch             |       |     1 |       |     1 |       ||     2
       Short sword       |       |    25 |   330 |   845 |   486 ||  1686
       Rapier            |       |       |       |       |   679 ||   679
       Unarmed           |       |       |       |       |     3 ||     3
Throw: Boomerang         |     2 |     4 |    70 |     6 |    13 ||    95
       Dart              |       |       |       |    40 |    28 ||    68
Invok: Banish            |     1 |       |       |     1 |       ||     2
       Bend Space        |       |       |       |     1 |     1 ||     2
Evoke: Wand              |       |       |       |     1 |     1 ||     2
  Use: Scroll            |       |       |     7 |    19 |     9 ||    35
       Potion            |       |       |       |    17 |     8 ||    25
 Stab: Distracted        |       |       |       |     1 |       ||     1
Armor: Leather armour    |    42 |       |       |       |       ||    42
       Ring mail         |     7 |    68 |    22 |       |       ||    97
       Chain mail        |       |       |   199 |   380 |   272 ||   851
       Crystal plate arm |       |       |       |       |   273 ||   273
Dodge: Dodged            |    81 |    92 |   177 |   493 |   439 ||  1282
Block: Other             |       |       |     7 |    81 |     2 ||    90
       Reflection        |       |       |       |     4 |    24 ||    28
       Orb               |       |       |       |   118 |   436 ||   554
